 Dungeon Crawl Stone Soup version 0.27-a0-242-ge0fc76b88b (webtiles) character file.

Game seed: 16440857689604326477

5628 lunkers the Stormcaller (level 10, 0/50 HPs)
             Began as a Tengu Air Elementalist on Feb 2, 2021.
             Was a Believer of Ashenzari.
             Slain by a yak (4 damage)
             ... on level 9 of the Dungeon.
             The game lasted 00:18:47 (16815 turns).

lunkers the Stormcaller (Tengu Air Elementalist)   Turns: 16815, Time: 00:18:47

Health: 0/50       AC:  4    Str: 10    XL:     10   Next: 74%
Magic:  23/23      EV: 12    Int: 18    God:    Ashenzari [**....]
Gold:   498        SH:  5    Dex: 14    Spells: 17/25 levels left

rFire    + . .     SeeInvis +   E - +3 flail (curse)
rCold    . . .     Faith    .   a - +0 buckler (curse)
rNeg     . . .     Spirit   .   B - +1 leather armour {Will+} (curse)
rPois    .         Reflect  .   F - +0 hat {SInv}
rElec    .         Harm     .   (no cloak)
rCorr    .         Rampage  .   (no gloves)
Will     +....                  (boots unavailable)
Stlth    ++........             (no amulet)
HPRegen  0.16/turn              u - ring of protection from fire (curse)
MPRegen  0.18/turn              (no ring)

@: no status effects
A: beak, talons 3, able to fly
a: Fly, Renounce Religion, Curse Item, Scrying


You were on level 9 of the Dungeon.
You worshipped Ashenzari.
Ashenzari was pleased with you.
You visited 2 branches of the dungeon, and saw 11 of its levels.

You collected 576 gold pieces.
You spent 78 gold pieces at shops.

Inventory:

Hand Weapons
 f - a +0 mace of protection
 w - a +2 mace of draining
 E - a cursed +3 flail (weapon)
Armour
 a - a cursed +0 buckler (worn)
 r - the cursed +1 scale mail of Prudence {*Contam Str+4 Int+7 Dex+4}
   (You found it on level 4 of the Dungeon)

   It affects your strength (+4).
   It affects your intelligence (+7).
   It affects your dexterity (+4).
   It causes magical contamination when unequipped.
   It has a curse placed upon it.
 B - a cursed +1 leather armour of willpower (worn)
 F - a +0 hat of see invisible (worn)
Jewellery
 u - a cursed ring of protection from fire (left hand)
Wands
 g - a wand of polymorph (9)
 k - a wand of mindburst (7)
 A - a wand of acid (11)
 G - a wand of flame (11)
 J - a wand of random effects (9)
Scrolls
 d - 5 scrolls of remove curse
 h - 3 scrolls of teleportation {unknown}
 i - 2 scrolls of fog {unknown}
 o - a scroll of amnesia
 s - 2 scrolls of magic mapping
 t - a scroll of random uselessness {unknown}
 v - a scroll of vulnerability {unknown}
 x - 2 scrolls of noise {unknown}
 y - a scroll of fear {unknown}
 D - a scroll of blinking {unknown}
 I - 2 scrolls of summoning {unknown}
 K - a scroll of enchant weapon {unknown}
 L - a scroll of torment {unknown}
 M - a scroll of enchant armour {unknown}
Potions
 b - a potion of mutation {unknown}
 c - a potion of brilliance {unknown}
 e - 2 potions of might
 j - a potion of ambrosia
 l - 2 potions of magic
 m - a potion of haste
 n - 2 potions of heal wounds
 p - a potion of berserk rage
 q - 7 potions of curing
 z - a potion of resistance {unknown}
 C - 2 potions of attraction {unknown}
 H - a potion of invisibility {unknown}


   Skills:
 - Level 2.1 Dodging
 - Level 2.0 Stealth
 - Level 3.6(5.0) Shields
 + Level 8.3 Spellcasting
 - Level 1.3 Conjurations
 * Level 15.6 Air Magic


You had 17 spell levels left.
You knew the following spells:

 Your Spells              Type           Power        Failure   Level
a - Airstrike             Air            29%          1%          4
b - Static Discharge      Conj/Air       38%          1%          3
c - Shock                 Conj/Air       100%         1%          1

Your spell library contained the following spells:

 Spells                   Type           Power        Failure   Level
 Swiftness                Air            59%          1%          2
 Lightning Bolt           Conj/Air       19%          11%         5
 Corona                   Hex            7%           13%         1
 Ensorcelled Hibernation  Hex/Ice        14%          19%         2
 Dazzling Flash           Conj/Hex       18%          28%         3
 Confusing Touch          Hex            7%           36%         3
 Tukima's Dance           Hex            7%           36%         3


Dungeon Overview and Level Annotations

Branches:
Dungeon (10/15)            Temple (1/1) D:4            Lair (0/6) D:8
    Orc: D:9-12

Altars:
Ashenzari
Cheibriados
Dithmenos
Elyvilon
Fedhas
Gozag
Hepliaklqana
Kikubaaqudgha
Makhleb
Nemelex Xobeh
Okawaru
Qazlal
Ru
Sif Muna
Trog
Uskayaw
Vehumet
Wu Jian
Xom
Yredelemnul
Zin
The Shining One

Shops:
D:6 ?   D:7 !   D:8 !   D:9 *


Innate Abilities, Weirdness & Mutations

You have a beak for a mouth.
You have claws for feet.
You can fly continuously.


Message History

The yak gores you but does no damage. The yak closely misses you.
The yak misses you.
There is a stone staircase leading up, spattered with blood here.
Unknown command.
Unknown command.
The troll completely misses you. The troll claws you! x2
* * * LOW HITPOINT WARNING * * *
The yak gores you.
* * * LOW HITPOINT WARNING * * *
The yak gores you!
* * * LOW HITPOINT WARNING * * *
The yak gores you but does no damage.
You climb upwards.
There is a stone staircase leading down, spattered with blood here.
Unknown command.
Unknown command.
The yak gores you.
* * * LOW HITPOINT WARNING * * *
The yak gores you.
You die...

......................))....#
####...##'#######'#####)....#
...#.#.#..............#.....#
...#...############..##.....#
##.#..............#..#......#
####.#.........#..#..#....#.#
####.....#.....#..#..#.#..#.#
...####..#..#..#..#..#....#.#
...# #........Y@.####......#
#### ##'###..(.TY..........#
##### #...#.#.†#Y..##...##.#
....# #...#.#..............#
##'## #...#.#..............#
#...########..).#...#...##..#
#......# ##'#.#...........#
..#..#.# #..#.............#
.......#####..#.....##......#


You could see 3 yaks and a troll.

Vanquished Creatures
  A centaur warrior (D:9)
  Grinder (D:4)
  Eustachio (D:5)
  Grum (D:8)
  A yak (D:9)
  5 orc warriors
  2 sky beasts
  2 black bears
  4 wolves
  3 ogres
  2 centaurs
  A phantom (D:8)
  5 bullfrogs
  A water moccasin zombie (D:6)
  3 gnoll sergeants (D:6)
  2 scorpions
  13 killer bees
  4 wights (D:6)
  A centaur zombie (D:5)
  5 hounds
  A quasit (D:8)
  A centaur skeleton (D:4)
  2 orc priests
  2 gnoll shamans (D:6)
  5 iguanas
  7 orc wizards
  3 worker ants
  A hound zombie (D:9)
  A hound skeleton (D:7)
  A mummy (D:4)
  A howler monkey zombie (D:9)
  11 adders
  22 gnolls
  A howler monkey skeleton (D:4)
  A shadow imp (D:6)
  2 white imps
  2 ufetubi
  An ooze (D:6)
  An adder zombie (D:7)
  An adder skeleton (D:8)
  5 worms
  2 dart slugs
  5 leopard geckos
  26 orcs
  3 ball pythons
  6 giant cockroaches
  13 goblins
  6 hobgoblins
  12 jackals
  7 kobolds
  3 quokkas (D:2)
  8 bats
  5 frilled lizards
  A giant cockroach zombie (D:5)
  A goblin zombie (D:4)
  An orc zombie (D:4)
  6 rats
235 creatures vanquished.

Vanquished Creatures (others)
  7 plants (D:2)
7 creatures vanquished.

Grand Total: 242 creatures vanquished

Notes
Turn   | Place    | Note
-------+----------+-------------------------------------------
     0 | D:1      | lunkers the Tengu Air Elementalist began the quest for the
                  | Orb.
     0 | D:1      | Reached XP level 1. HP: 10/10 MP: 4/4
   440 | D:1      | Reached XP level 2. HP: 15/15 MP: 3/6
  1162 | D:1      | Reached skill level 5 in Air Magic
  1194 | D:1      | Reached XP level 3. HP: 19/19 MP: 4/7
  2217 | D:2      | Reached XP level 4. HP: 24/24 MP: 6/9
  2373 | D:2      | Reached skill level 6 in Air Magic
  2851 | D:2      | Found a glowing silver altar of Zin.
  2863 | D:2      | Found a hide-covered altar of Uskayaw.
  2863 | D:2      | Found a shimmering altar of Xom.
  2864 | D:2      | Found an iron altar of Okawaru.
  2866 | D:2      | Found a blossoming altar of Fedhas.
  2867 | D:2      | Found a basalt altar of Yredelemnul.
  3345 | D:3      | Gained mutation: You can fly continuously. [Tengu growth]
  3345 | D:3      | Reached XP level 5. HP: 28/28 MP: 5/10
  3721 | D:3      | Reached skill level 7 in Air Magic
  3933 | D:3      | Found a faded altar of an unknown god.
  4092 | D:3      | Learned a level 3 spell: Static Discharge
  4097 | D:3      | Learned a level 4 spell: Airstrike
  4125 | D:3      | Found a burning altar of Makhleb.
  4811 | D:3      | Found a snail-covered altar of Cheibriados.
  5172 | D:4      | Noticed Grinder
  5258 | D:4      | Paralysed by Grinder for 4 turns
  5266 | D:4      | Killed Grinder
  5267 | D:4      | Reached skill level 8 in Air Magic
  5267 | D:4      | Reached XP level 6. HP: 16/32 MP: 1/13
  5487 | D:4      | Got a spiked scale mail
  5501 | D:4      | Reached XP level 7. HP: 35/36 MP: 1/14
  6056 | D:4      | Found a white marble altar of Elyvilon.
  6087 | D:4      | Reached skill level 9 in Air Magic
  6548 | D:4      | Found a staircase to the Ecumenical Temple.
  6594 | Temple   | Entered the Ecumenical Temple
  6691 | Temple   | Became a worshipper of Ashenzari the Shackled
  6770 | D:5      | Entered Level 5 of the Dungeon
  8075 | D:5      | Noticed Eustachio
  8112 | D:5      | Killed Eustachio
  8113 | D:5      | Reached skill level 5 in Spellcasting
  8113 | D:5      | Reached skill level 10 in Air Magic
  8113 | D:5      | Reached XP level 8. HP: 28/41 MP: 3/16
  8308 | D:5      | Identified the cursed +1 scale mail of Prudence {*Contam
                  | Str+4 Int+7 Dex+4} (You found it on level 4 of the Dungeon)
  8983 | D:6      | Found Overhaif's Magic Scroll Boutique.
  9175 | D:6      | Reached skill level 11 in Air Magic
  9378 | D:6      | Reached * piety under Ashenzari
  9766 | D:6      | Found a glowing golden altar of the Shining One.
 10353 | D:6      | Found a basalt altar of Yredelemnul.
 10410 | D:6      | Reached skill level 12 in Air Magic
 10434 | D:6      | Reached XP level 9. HP: 45/45 MP: 1/19
 11288 | D:7      | Reached skill level 13 in Air Magic
 11485 | D:7      | Found a shadowy altar of Dithmenos.
 11552 | D:7      | Found Jyrelo's Distillery.
 11676 | D:8      | Found a staircase to the Lair.
 11851 | D:8      | Reached skill level 1 in Shields
 12231 | D:7      | Found a radiant altar of Vehumet.
 12264 | D:7      | Identified the +2 leather armour of the Yeti {rElec}
 13223 | D:7      | Reached skill level 14 in Air Magic
 13429 | D:8      | Found a broken altar of Ashenzari.
 13455 | D:8      | Reached XP level 10. HP: 50/50 MP: 9/22
 13662 | D:8      | Found Jiriepp's Distillery.
 13673 | D:8      | Noticed Grum
 13678 | D:8      | Killed Grum
 15015 | D:8      | Reached ** piety under Ashenzari
 15510 | D:9      | Found Pegoetes's Assorted Antiques.
 15561 | D:9      | Bought a scroll labelled BICVECIERI for 26 gold pieces
 15561 | D:9      | Bought a scroll labelled TUZAISCHOUDDEE for 26 gold pieces
 15561 | D:9      | Bought a scroll labelled VUSCHE OCIRIDYEVVAF for 26 gold
                  | pieces
 15685 | D:9      | Reached skill level 15 in Air Magic
 15758 | D:9      | Noticed a centaur warrior
 15762 | D:9      | Killed a centaur warrior
 16653 | D:10     | Entered Level 10 of the Dungeon
 16815 | D:9      | Slain by a yak

Illustrated notes

Levels and vault maps discovered:
D:1:      evilmike_arrival_plus, layout_basic
D:2:      layout_basic, minitemple, guppyfry_early_lair_pool
D:3:      layout_loops_corners, kennysheep_slug_shrine, lemuel_crystal_altar,
          chequers_ecumenical_altar_simple
D:4:      layout_basic, elyvilon_altar_1, minmay_temple_entry_statues,
          nicolae_ossuary_entry_giza, hangedman_abyss_or_decor_passed,
          uniq_grinder
D:5:      layout_basic, uniq_eustachio
D:6:      layout_cave_pools, lemuel_round_altar, serial_gnoll_camp,
          gnoll_camp_medium_02, gnoll_camp_mini_shop, gnoll_camp_mini_basic,
          gnoll_camp_mini_hut, gnoll_camp_mini_hut, gnoll_camp_mini_hut,
          kennysheep_flooded_box
D:7:      layout_basic, lemuel_round_altar, serial_shops, shop,
          dk_noncrumbling_2, roderic_serpentine_path, vehumet_altar_wand_db
D:8:      layout_basic, lair_entry_dummy, serial_shops, shop,
          evilmike_ruin_ashenzari, uniq_grum
D:9:      layout_stronghold, serial_shops, nicolae_shop_stone
D:10:     layout_roguey, hangedman_fish_farm
Temple:   compressed_dpeg_circular_temple

Skill      XL: |  1  2  3  4  5  6  7  8  9 10 |
---------------+-------------------------------+-----
Air Magic      | 5 6 8 10 12 14 15 | 15.6
Spellcasting   | 3 4 5 6 7 8 |  8.3
Shields        | 2 3 |  3.6
Dodging        | |  2.1
Stealth        | |  2.0
Conjurations   | |  1.3

Action                   |  1- 3 |  4- 6 |  7- 9 | 10-12 || total
-------------------------+-------+-------+-------+-------++-------
Melee: Unarmed           |     3 |       |       |       ||     3
       Mace              |     6 |     5 |    13 |       ||    24
       Kick              |     1 |     2 |     5 |     1 ||     9
       Peck              |     1 |     1 |     5 |       ||     7
       Flail             |       |       |     5 |     2 ||     7
 Cast: Shock             |    81 |   110 |    12 |     1 ||   204
       Airstrike         |       |    14 |   156 |    73 ||   243
Invok: Curse Item        |       |       |     2 |     1 ||     3
Evoke: Wand              |       |       |     4 |     7 ||    11
  Use: Scroll            |       |       |    11 |       ||    11
Armor: Robe              |     5 |     2 |     2 |       ||     9
       Leather armour    |       |       |     7 |     7 ||    14
Dodge: Dodged            |    22 |    13 |    43 |    18 ||    96
Block: Buckler           |       |       |     3 |     9 ||    12

Table legend: (Time is in decaauts)
 A = Elapsed time spent in this place.
 B = Non-inter-level travel time spent in this place.
 C = Inter-level travel time spent in this place.
 D = Time resting spent in this place.
 E = Time spent auto-exploring this place.
 F = Levels seen in this place.
 G = Mean time per level.
                   A        B        C        D        E       F      G
               +--------+--------+--------+--------+--------+-----+--------+
         Total |  16837 |  16437 |    400 |   1412 |  13515 |  11 | 1530.6 |
       Dungeon |  16723 |  16366 |    357 |   1412 |  13444 |  10 | 1672.3 |
        Temple |    114 |     72 |     42 |      0 |     71 |   1 |  114.0 |
               +--------+--------+--------+--------+--------+-----+--------+

Top non-repeatable levels by time:
     D:6: 2345 daAuts
     D:7: 2002 daAuts
     D:8: 1986 daAuts
     D:5: 1983 daAuts
     D:3: 1913 daAuts
     D:9: 1727 daAuts
     D:2: 1662 daAuts
     D:4: 1610 daAuts
     D:1: 1484 daAuts
  Temple: 114 daAuts
    D:10: 6 daAuts
